 Dungeon Crawl Stone Soup version 0.31.0-1-g2c135a008e (webtiles) character file.

Game seed: 11997475644632494345

3 qw the Shooter (level 1, -3/18 HPs)
             Began as a Djinni Hunter on Jan 23, 2024.
             Slain by a gnoll
             ... wielding a +0 spear
              (5 damage)
             ... on level 1 of the Dungeon.
             The game lasted 00:00:00 (48 turns).

qw the Shooter (Djinni Hunter)                        Turns: 48, Time: 00:00:00

Health: -3/18      AC:  3    Str: 10    XL:     1   Next: 55%
Gold:   13         EV: 12    Int: 10    God:
                   SH:  0    Dex: 16

rFire   + + .        a - +0 shortbow
rCold   x . .        (shield currently unavailable)
rNeg    . . .        c - +0 leather armour
rPois   inf          (no helmet)
rElec   .            (no cloak)
rCorr   .            (no gloves)
SInv    .            (boots unavailable)
Will    .....        (no amulet)
Stlth   +            (no ring)
HPRegen 0.23/turn    (no ring)
MPRegen 0.00/turn

%: infuse magic (-4 HP)
@: flying
A: sickness immunity, fire resistance 2, cold vulnerability 1, float, innate
caster, HP casting, extra vitality 1
a: no special abilities


You were on level 1 of the Dungeon.
You visited 1 branch of the dungeon, and saw 1 of its levels.

You collected 13 gold pieces.


Innate Abilities, Weirdness & Mutations

You are immune to sickness and miasma.
You are immune to poison.
Your flesh is very heat resistant. (rF++)
You are vulnerable to cold. (rC-)
You float through the air rather than walking.
You learn spells naturally, not from books.
Your magical power is your life essence.
You have superior vitality. (+4 MHP)


   Skills:
 - Level 2.0 Fighting
 + Level 3.4 Ranged Weapons
 - Level 2.1 Dodging
 - Level 0.7 Stealth You didn't know any spells. Your spell library was empty.

Inventory:

Hand Weapons
 a - a +0 shortbow (weapon)
Armour
 c - a +0 leather armour (worn)
Scrolls
 b - a scroll of butterflies
 e - a scroll of poison {unknown}
Potions
 d - a potion of degeneration {unknown}

Dungeon Overview and Level Annotations

Branches:
Dungeon (1/15)

Altars:


Message History

You kill the rat!
e - a scroll labelled AJEWA TUGY
Found a whip.
A gnoll and a hobgoblin come into view.
The hobgoblin shouts!
The gnoll shouts!
You hear a loud squeak.
A rat comes into view.
A ball python comes into view.
The hobgoblin moves out of view.
You shoot an arrow. The arrow closely misses the rat.
The rat squeaks loudly.
38 ||| RETREEEEATING.
You shoot an arrow. The arrow closely misses the rat.
You shoot an arrow. The arrow hits the rat.
You kill the rat!
You shoot an arrow. The arrow hits the ball python!
You kill the ball python!
The gnoll hits you from afar with a +0 spear.
You shoot an arrow. The arrow closely misses the gnoll.
The gnoll hits you from afar with a +0 spear.
You shoot an arrow. The arrow barely misses the hobgoblin.
The arrow hits the gnoll but does no damage.
The hobgoblin hits you but does no damage.
The gnoll hits you from afar with a +0 spear.
You shoot an arrow. The arrow hits the hobgoblin.
The hobgoblin is lightly wounded.
The hobgoblin closely misses you. The gnoll closely misses you.
You shoot an arrow. The arrow hits the hobgoblin.
The hobgoblin is heavily wounded.
The hobgoblin hits you. The gnoll closely misses you.
The hobgoblin hits you but does no damage.
The gnoll hits you from afar with a +0 spear.
You shoot an arrow. The arrow hits the hobgoblin!
You kill the hobgoblin!
The gnoll closely misses you.
You shoot an arrow. The arrow hits the gnoll.
The gnoll is lightly wounded.
The gnoll closely misses you.
You shoot an arrow. The arrow hits the gnoll.
The gnoll is heavily wounded.
The gnoll hits you from afar with a +0 spear.
You die...

#. ..### #. #.#
g...# #.##.# S...#
#.##.# ...)# #.##.#
....# #.##.# ....#
#.##.######....#
#######.##.....@%g#
..................#
. ######.###.......#
.#######..##.......#
...........#.......#
..}.}.}...##.......#
.........#########.#
...}.}..## .#
.......##


You could see a gnoll.

Vanquished Creatures
  A hobgoblin (D:1)
  A ball python (D:1)
  2 rats (D:1)
4 creatures vanquished.

Notes
Turn   | Place    | Note
-------+----------+-------------------------------------------
     0 | D:1      | qw the Djinni Hunter began the quest for the Orb.
     0 | D:1      | Reached XP level 1. HP: 18/18 MP: 0/0
     0 | D:1      | 0 ||| qw: Version: 0.3-a-132-g3d54051
     0 | D:1      | 0 ||| qw: Game counter: 611
     0 | D:1      | 0 ||| qw: Melee chars always use a shield: true
     0 | D:1      | 0 ||| qw: God list: Okawaru
     0 | D:1      | 0 ||| qw: Allow faded altars: false
     0 | D:1      | 0 ||| qw: Do Orc after clearing Dungeon:15 true
     0 | D:1      | 0 ||| qw: Do second Lair branch before Depths: true
     0 | D:1      | 0 ||| qw: Lair rune preference: random
     0 | D:1      | 0 ||| qw: Goals: Normal
     0 | D:1      | 0 ||| PLANNING D:1-11
    38 | D:1      | 38 ||| RETREEEEATING.
    45 | D:1      | HP: 1/18 [gnoll/+0 spear (4)]
    48 | D:1      | Slain by a gnoll

Levels and vault maps discovered:
D:1:      eino_arrival_cavern_a, layout_basic, glass_columns_a, minmay_quantized

Action                     || total
---------------------------++-------
   Fire: Shortbow          ||    14
 Armour: Leather armour    ||     8
  Dodge: Dodged            ||     5

Table legend:
 A = Non-vault XP
 B = Vault XP
 C = Vault XP percentage of total XP
 D = Non-vault monster count
 E = Vault monster count
 F = Vault count percentage of total count
                 A         B        C        D         E       F
            +---------+---------+-------+---------+---------+-------
      Total |       5 |       0 |   0.0 |       4 |       0 |   0.0
            +---------+---------+-------+---------+---------+-------
        D:1 |       5 |       0 |   0.0 |       4 |       0 |   0.0
            +---------+---------+-------+---------+---------+-------
